 Dungeon Crawl Stone Soup version 0.28-a0-622-gbaef9634d7 (webtiles) character file.

Game seed: 3947765145852220857

369088 Gwenloh the Cardsharp (level 23, -1/182 HPs)
             Began as a Djinni Earth Elementalist on Oct 2, 2021.
             Was a High Priest of Nemelex Xobeh.
             Slain by a tengu reaver (11 damage)
             ... on level 5 of the Vaults on Oct 8, 2021.
             The game lasted 07:09:20 (79999 turns).

Gwenloh the Cardsharp (Djinni Earth Elementalist)  Turns: 79999, Time: 07:09:21

Health: -1/182     AC: 15    Str:  6    XL:     23   Next: 67%
Gold:   4203       EV: 21    Int: 27    God:    Nemelex Xobeh [*****.] SH: 12 Dex: 13

rFire   + + .      SeeInvis +   v - staff of conjuration
rCold   x . .      Faith    +   M - +1 kite shield {reflect}
rNeg    . . .      Spirit   .   C - +4 acid dragon scales
rPois   ∞          Reflect  +   P - +2 helmet {SInv}
rElec   .          Harm     .   R - scarf {repulsion}
rCorr   +          Rampage  .   U - +1 pair of gloves
Will    ++...                   (boots unavailable)
Stlth   +.........              q - amulet of faith
HPRegen 0.40/turn               b - +4 ring of evasion
MPRegen 0.00/turn               A - +4 ring of evasion

@: flying, repel missiles
A: sickness immunity, fire resistance 2, cold vulnerability 1, float, innate
caster, hp casting, extra vitality 1, see invisible, clever 1, clumsy 1, weak 1,
subdued magic 1
}: 2/15 runes: decaying, gossamer
a: Renounce Religion, Draw Escape, Draw Destruction, Draw Summoning, Draw Stack,
Triple Draw, Deal Four, Stack Five


You were on level 5 of the Vaults.
You worshipped Nemelex Xobeh.
Nemelex Xobeh was extremely pleased with you.
You visited 9 branches of the dungeon, and saw 45 of its levels.
You visited 1 bazaar.
You also visited: Sewer and Ice Cave.

You collected 5227 gold pieces.
You spent 1024 gold pieces at shops.

Inventory:

Hand Weapons
 J - a +4 great sword of holy wrath
Missiles
 h - 101 stones
Armour
 C - +4 acid dragon scales (worn)
 M - a +1 kite shield of reflection (worn)
 P - a +2 helmet of see invisible (worn)
 R - a scarf of repulsion (worn)
 U - a +1 pair of gloves (worn)
 Z - a +2 cloak of preservation
Magical Staves
 m - a staff of earth
 r - a staff of air
 v - a staff of conjuration (weapon)
 T - a staff of cold
 Y - a staff of poison
Jewellery
 b - a +4 ring of evasion (left hand)
 d - the ring "Leucu" {Fly rN+ Will+ Str+4 Int+6}
   (You took it off a deep elf zephyrmancer on level 3 of the Elven Halls)

   [ring of intelligence]

   Str:       It affects your strength (+4).
   Int:       It affects your intelligence (+6).
   rN:        It protects you from negative energy.
   Fly:       It grants you flight.
   Will:      It increases your willpower.
 f - a ring of resist corrosion
 g - an amulet of reflection
 q - an amulet of faith (around neck)
 z - a +6 ring of dexterity
 A - a +4 ring of evasion (right hand)
 H - a ring of willpower
 L - the amulet of the Echidna {Reflect Int+4 SH+5}
   (You took it off a deep elf demonologist on level 3 of the Elven Halls)

   [amulet of reflection]

   It reflects blocked missile attacks.
   Int:       It affects your intelligence (+4).
   SH:        It affects your SH (+5).
 W - a ring of fire
Wands
 a - a wand of flame (4)
 l - a wand of acid (33)
 B - a wand of iceblast (47)
 D - a wand of mindburst (39)
 O - a wand of polymorph (21)
 Q - a wand of charming (18)
 V - a wand of digging (20)
 X - a wand of paralysis (18)
Scrolls
 i - 5 scrolls of immolation
 j - 9 scrolls of holy word
 k - 18 scrolls of teleportation
 n - 6 scrolls of magic mapping
 o - 3 scrolls of silence
 p - 3 scrolls of blinking
 s - 6 scrolls of fear
 x - 7 scrolls of enchant weapon
 y - 3 scrolls of fog
 N - a scroll of summoning
 S - 15 scrolls of identify
Potions
 e - 6 potions of heal wounds
 t - 8 potions of might
 u - 7 potions of haste
 w - 4 potions of mutation
 E - 6 potions of attraction
 F - a potion of cancellation
 G - 9 potions of curing
 I - 6 potions of brilliance
 K - 4 potions of invisibility
Miscellaneous
 c - a phantom mirror


   Skills:
 + Level 20.3 Fighting
 - Level 11.1 Dodging
 - Level 1.5 Stealth
 + Level 9.2 Shields
 * Level 20.0 Spellcasting
 * Level 21.7 Invocations


You couldn't memorise any spells.
You knew the following spells:

 Your Spells              Type           Power      Damage    Failure   Level
a - Poisonous Vapours     Pois/Air       100%       N/A       0%          2
b - Ignite Poison         Fire/Tmut/Pois 81%        N/A       0%          3
c - Stone Arrow           Conj/Erth      100%       3d13      0%          3
d - Iron Shot             Conj/Erth      51%        9d10      1%          6
e - Petrify               Tmut/Erth      81%        N/A       0%          4
f - Magic Dart            Conj           100%       1d8       0%          1
g - Passwall              Tmut/Erth      67%        N/A       0%          2
h - Sticky Flame          Conj/Fire      100%       2d11      0%          4
i - Lightning Bolt        Conj/Air       51%        1d72      1%          5
j - Yara's Violent Unrav  Hex/Tmut       40%        3d16      1%          5
k - Sandblast             Erth           100%       2d20      0%          1
l - Eringya's Noxious Bo  Tmut/Pois      40%        N/A       1%          6
m - Summon Hydra          Summ           40%        N/A       1%          7
n - Discord               Hex            40%        N/A       9%          8
o - Ignition              Fire           40%        3d12      9%          8
Your spell library was empty.

Dungeon Overview and Level Annotations

Branches:
Dungeon (15/15)            Temple (1/1) D:5            Lair (6/6) D:9
  Swamp (4/4) Lair:2       Spider (4/4) Lair:4        Slime (5/5) Lair:6
    Orc (2/2) D:11            Elf (3/3) Orc:2        Vaults (5/5) D:14
  Crypt (0/3) Vaults:3     Depths (0/4) D:15          Sewer (visited)
  IceCv (visited)

Altars:
Ashenzari
Cheibriados
Dithmenos
Elyvilon
Fedhas
Gozag
Hepliaklqana
Kikubaaqudgha
Makhleb
Nemelex Xobeh
Okawaru
Qazlal
Ru
Sif Muna
Trog
Uskayaw
Vehumet
Wu Jian
Xom
Yredelemnul
Zin
The Shining One
Beogh
Jiyva
Lugonu

Shops:
D:6 *   Orc:2 ([:!   Elf:1 (   Elf:3 *   Vaults:1 =*=   Vaults:2 (
Vaults:3 ![?[

Portals:
Abyss: D:4 Lair:6

Annotations:
D:4 2 transporters, Shym's ghost, novice BaIE
Lair:2 funkygono's ghost, journeyman GrFE
Lair:4 1 runed translucent door, Heedrag's ghost, journeyman MiFi
Slime:5 Royal Jelly
Vaults:2 2 transporters


Innate Abilities, Weirdness & Mutations

You are immune to sickness and miasma.
You are immune to poison.
Your flesh is very heat resistant. (rF++)
You are vulnerable to cold. (rC-)
You float through the air rather than walking.
You learn spells naturally, not from books.
Your magical power is your life essence.
You have superior vitality. (+4 HP)
You have supernaturally acute eyesight. (SInv)
Your mind is acute. (Int +2)
You are clumsy. (Dex -2)
You are weak. (Str -2)
Your spells are a little easier to cast, but a little less powerful.


Message History

An orc wizard comes into view. It is wielding a +0 dagger.
Something misses the vault warden.
Something completely misses the vault warden.
Something claws the vault warden but does no damage.
Casting: Lightning Bolt (safe; 1% risk of failure)
Confirm with . or Enter, or press ? or * to list all spells.
Casting: Discord (dangerous; 10% risk of failure)
Press: ? - help, Dir - look around, f - activate The stone giant resists with some effort.
The tengu reaver flies into a frenzy!
The vault sentinel flies into a frenzy!
The tengu reaver resists with some effort.
The faun flies into a frenzy!
The deep elf annihilator flies into a frenzy!
The vault sentinel flies into a frenzy!
The orc wizard flies into a frenzy!
The orc priest flies into a frenzy!
The vault warden burns!
The faun changes into a lindwurm!
The vault warden hits something with a +2 vorpal battleaxe!!!
You feel a bit more experienced.
The tengu reaver hits you but does no damage.
The tengu reaver pecks you! The tengu reaver claws you.
The vault sentinel hits the hell knight with a +0 falchion!!
The orc wizard hits the orc priest but does no damage.
The hell knight completely misses the vault sentinel.
The deep elf annihilator hits the lindwurm with a +0 short sword.
Something hits the orc wizard.
Something barely misses the orc priest.
The tengu reaver points at you and mumbles some strange words.
The bolt of lightning hits you!!!
* * * LOW HITPOINT WARNING * * *
The vault warden burns!
The tengu reaver hits the stone giant with a +1 vorpal dire flail!
The tengu reaver pecks the stone giant.
The tengu reaver claws the stone giant.
The vault sentinel hits the hell knight with a +0 falchion!!
The orc priest closely misses something.
The orc wizard completely misses something.
The hell knight hits the vault sentinel with a +0 broad axe!!
The deep elf annihilator hits the lindwurm with a +0 short sword.
The tengu reaver hits you with a +1 vorpal dire flail!!!
* * * LOW HITPOINT WARNING * * *
You die...
Your body glows with a rainbow of weird colours and disappears.

#....# . #....#
# .. #....# .##
##. #.p..#...##
...)#....#.....
..).p))).......
###...Q))).####
o.....C@)......
o..).<).<§.)...
...).Q<<..)....
....)..).).....
###...)))..####
.p).)))...k
.p.)#....#.e.
.)..#....#....


You could see a stone giant, a tengu reaver, a hell knight (fast), a neutral
vault warden (fast, strong, insane, burning), a neutral tengu reaver (fast,
strong, insane), a neutral deep elf annihilator (fast, strong, insane), 2
neutral vault sentinels, a neutral lindwurm shaped shifter (insane), a neutral
orc priest (fast, strong, insane) and a neutral orc wizard (fast, strong,
insane).

Vanquished Creatures
  Frederick (Vaults:4)
  the Lernaean hydra (Swamp:4)
  Nikola (Swamp:1)
  Rupert (Lair:3)
  Jorgrun (Spider:2)
  3 deep elf master archers (Elf:3)
  A deep elf blademaster (Elf:3)
  Asterion (Elf:2)
  A sphinx (Vaults:4)
  8 acid blobs
  2 thorn hunters
  3 rockslimes
  Donald (Vaults:1)
  A fenstrider witch (Swamp:2)
  5 deep elf sorcerers (Elf:3)
  A fire giant (Vaults:3)
  4 azure jellies
  2 frost giants (Vaults:4)
  An orc warlord (Orc:1)
  Louise (Elf:1)
  2 ghost moths (Spider:4)
  7 emperor scorpions
  9 vault wardens
  11 deep elf elementalists (Elf:3)
  2 very ugly things
  3 quicksilver oozes
  A stone giant (Vaults:4)
  A war gargoyle (Vaults:2)
  7 ironbound preservers
  7 deep elf annihilators (Elf:3)
  4 deep elf demonologists
  2 entropy weavers
  7 bunyips
  5 eleionomae
  A crystal guardian (Vaults:4)
  An ettin (shapeshifter) (Lair:6)
  5 deep elf high priests (Elf:3)
  Josephine (Lair:6)
  6 yaktaur captains
  3 shambling mangroves
  5 deep elf death magi (Elf:3)
  Harold (D:11)
  4 great orbs of eyes
  6 ironbound thunderhulks
  22 vault guards
  21 hydras
  3 ironbound frosthearts (Vaults:3)
  A catoblepas (D:13)
  15 centaur warriors
  2 peacekeepers
  9 alligators
  2 boulder beetles
  34 dancing weapons
  4 two-headed ogres
  A tengu warrior (D:14)
  Urug (Lair:6)
  5 death yaks (Lair:3)
  A spriggan berserker (Swamp:1)
  6 orc high priests
  3 thrashing horrors (Lair:6)
  A fire crab (shapeshifter) (D:15)
  15 deep elf knights
  4 goliath frogs
  12 swamp dragons
  A death drake (Swamp:4)
  4 spriggan druids
  6 bog bodies
  19 deep trolls
  4 lindwurms
  A necromancer (Vaults:3)
  7 deep elf archers
  3 orc knights
  6 harpies
  16 ironbound convokers
  7 wizards
  30 deep elf zephyrmancers
  25 wolf spiders
  27 deep elf pyromancers
  A tengu zombie (Vaults:3)
  10 orb spiders
  3 orc sorcerers
  5 shining eyes
  2 manticores
  4 oklob plants (Lair:5)
  4 cyclopes
  25 ugly things
  3 moths of wrath
  3 torpor snails
  7 black mambas
  2 ice statues (IceCv)
  16 vault sentinels
  13 cane toads
  3 smoke demons (Lair:6)
  A gargoyle (D:10)
  Psyche (D:8)
  3 eyes of devastation
  3 rime drakes
  8 demonic crawlers
  22 yaktaurs
  An efreet (D:14)
  11 komodo dragons
  A human skeleton (Vaults:3)
  2 tengu conjurers (D:14)
  2 ancient zymes (Lair:6)
  A troll (shapeshifter) (Elf:3)
  17 jumping spiders
  4 bloated husks
  6 trolls
  A meliai (shapeshifter) (Elf:1)
  A polar bear (Lair:6)
  7 tyrant leeches
  118 slime creatures
  20 hornets
  19 blink frogs
  A raiju (shapeshifter) (Lair:6)
  Sigmund (D:6)
  21 dream sheep
  3 air elementals
  14 spriggans
  2 water elementals (Elf:3)
  A ynoxinul (Lair:6)
  A human (shapeshifter) (Elf:3)
  18 tarantellas
  57 redbacks
  7 wraiths
  72 yaks
  6 wyverns
  2 golden eyes (Slime:1)
  8 basilisks
  3 fire elementals (Elf:2)
  A steam dragon (D:9)
  15 humans
  A death yak simulacrum (IceCv)
  16 swamp worms
  2 wargs (Orc:2)
  A chaos spawn (Lair:6)
  13 vampire mosquitoes
  Edmund (D:4)
  2 acid dragons
  14 water moccasins
  36 orc warriors
  A sky beast (D:7)
  3 ice beasts (D:6)
  A hornet zombie (D:6)
  9 swamp drakes
  4 black bears
  4 ogres
  12 centaurs
  27 wolves
  2 kobold brigands
  10 bullfrogs
  6 scorpions
  2 earth elementals (Elf:3)
  A glowing shapeshifter simulacrum (Vaults:3)
  A wyvern zombie (D:6)
  A cane toad simulacrum (IceCv)
  9 small abominations (Lair:6)
  A two-headed ogre simulacrum (D:11)
  2 elephant simulacra (IceCv)
  11 killer bees
  5 wights (D:9)
  3 howler monkeys
  15 electric eels
  2 lava snakes (D:7)
  3 bullfrog zombies
  6 centaur zombies
  A jelly (D:5)
  3 hounds
  A gnoll shaman (D:5)
  36 orc priests
  2 centaur skeletons
  Terence (D:3)
  4 iguanas
  35 orc wizards
  2 troll simulacra (D:11)
  6 hell rats (Lair:2)
  2 killer bee zombies
  3 wolf simulacra (IceCv)
  2 howler monkey zombies (D:9)
  13 adders
  14 gnolls
  6 river rats (Sewer)
  A naga simulacrum (D:11)
  2 white imps
  2 worms
  3 dart slugs (D:1)
  67 orcs
  17 ball pythons
  5 endoplasms
  10 giant cockroaches
  7 hobgoblins
  17 jackals
  7 quokkas
  5 bats
  6 frilled lizards
  6 goblins
  17 kobolds
  25 rats
1597 creatures vanquished.

Vanquished Creatures (collateral kills)
  An ancient champion (Vaults:3)
  A sphinx (Vaults:4)
  2 shadow dragons (Vaults:5)
  Roxanne (Swamp:4)
  4 vault wardens
  6 very ugly things
  8 ironbound preservers
  A vampire knight (Vaults:3)
  A deep elf death mage (Vaults:5)
  A crystal guardian (Vaults:2)
  4 ironbound thunderhulks
  10 vault guards
  2 hydras (Swamp:4)
  A death knight (Vaults:3)
  A soul eater (Vaults:3)
  9 deep trolls
  A wizard (Vaults:2)
  A lindwurm (Vaults:2)
  An orc knight (Vaults:5)
  4 harpies (Vaults:2)
  6 ugly things
  A stone giant zombie (Vaults:3)
  A vault sentinel (Vaults:4)
  An ice statue (IceCv)
  12 yaktaurs
  An entropy weaver simulacrum (IceCv)
  A polar bear (Vaults:2)
  3 slime creatures
  A dire elephant simulacrum (IceCv)
  3 golden eyes (Slime:1)
  2 orc warriors (Vaults:5)
  An ice beast (Vaults:2)
  An elf simulacrum (Vaults:3)
  An orc (Vaults:5)
95 creatures vanquished.

Vanquished Creatures (others)
  A tengu reaver (Vaults:5)
  A deep elf sorcerer (Elf:3)
  An ironbound preserver (Vaults:2)
  A very ugly thing (Vaults:2)
  6 vault guards
  An alligator (Swamp:1)
  4 deep trolls
  A wizard (Vaults:4)
  An ugly thing (Vaults:1)
  A vault sentinel (Vaults:3)
  2 yaktaurs
  2 bloated husks (Swamp:2)
  19 slime creatures
  2 redbacks (Spider:2)
  2 spriggans (Swamp:3)
  A human (D:14)
  9 briar patches (Swamp:2)
  44 fungi
  34 plants
133 creatures vanquished.

Grand Total: 1825 creatures vanquished

Notes
Turn   | Place    | Note
-------+----------+-------------------------------------------
     0 | D:1      | Gwenloh the Djinni Earth Elementalist began the quest for
                  | the Orb.
     0 | D:1      | Reached XP level 1. HP: 15/15 MP: 0/0
   170 | D:1      | Reached XP level 2. HP: 12/22 MP: 0/0
   667 | D:1      | Reached skill level 1 in Fighting
   667 | D:1      | Reached XP level 3. HP: 22/27 MP: 0/0
   667 | D:1      | Learned a level 1 spell: Magic Dart
  1707 | D:2      | Found a sparkling altar of Nemelex Xobeh.
  1830 | D:2      | Reached XP level 4. HP: 17/32 MP: 0/0
  2023 | D:2      | Found a faded altar of an unknown god.
  2948 | D:3      | Reached XP level 5. HP: 26/38 MP: 0/0
  2948 | D:3      | Learned a level 2 spell: Poisonous Vapours
  3408 | D:3      | Noticed Terence
  3436 | D:3      | Killed Terence
  3935 | D:3      | Found a shadowy altar of Dithmenos.
  3966 | D:3      | Found a bloodstained altar of Trog.
  3969 | D:3      | Found a glowing golden altar of the Shining One.
  3973 | D:3      | Found a stormy altar of Qazlal.
  3973 | D:3      | Found a basalt altar of Yredelemnul.
  3975 | D:3      | Found a blossoming altar of Fedhas.
  4258 | D:4      | Found a hazy altar of Hepliaklqana.
  4343 | D:4      | Reached XP level 6. HP: 35/45 MP: 0/0
  4412 | D:4      | Noticed Edmund
  4446 | D:4      | Killed Edmund
  4536 | D:4      | Found a transporter.
  4545 | D:4      | Noticed Shym's ghost (novice BaIE)
  4632 | D:4      | Found a one-way gate to the infinite horrors of the Abyss.
  5012 | D:4      | Found a transporter.
  5025 | D:4      | Noticed an ogre
  5029 | D:4      | Killed an ogre
  5030 | D:4      | Reached XP level 7. HP: 7/50 MP: 0/0
  5030 | D:4      | Learned a level 3 spell: Ignite Poison
  5529 | D:5      | Entered Level 5 of the Dungeon
  5654 | D:5      | Found a staircase to the Ecumenical Temple.
  5813 | Temple   | Entered the Ecumenical Temple
  5896 | Temple   | Became a worshipper of Nemelex Xobeh the Trickster
  6057 | D:5      | Identified the +8 long sword of Optimality {venom, rElec
                  | Str+4 Dex+3}
  6181 | D:5      | Reached skill level 5 in Spellcasting
  6935 | D:5      | Reached XP level 8. HP: 51/58 MP: 0/0
  7163 | D:6      | Noticed Sigmund
  7167 | D:6      | Killed Sigmund
  7168 | D:6      | Reached skill level 5 in Dodging
  7559 | D:6      | Reached skill level 5 in Fighting
  7559 | D:6      | Reached XP level 9. HP: 54/65 MP: 0/0
  7559 | D:6      | Learned a level 4 spell: Sticky Flame
  7616 | D:6      | Found a glowing drain.
  7624 | D:6      | Found Xozum's General Store.
  7642 | Sewer    | Entered a sewer
  8065 | Sewer    | Identified the +0 chain mail "Pash" {+Blink Fly Int+3}
  8532 | D:6      | Found a burning altar of Makhleb.
  8536 | D:6      | Reached * piety under Nemelex Xobeh
  8605 | D:6      | Received a gift from Nemelex Xobeh
  8784 | D:6      | Noticed a troll
  8806 | D:6      | Killed a troll
  8925 | D:6      | Found an opulent altar of Gozag.
  9376 | D:7      | Found a snail-covered altar of Cheibriados.
 10240 | D:7      | Reached XP level 10. HP: 68/73 MP: 0/0
 10808 | D:8      | Reached ** piety under Nemelex Xobeh
 10914 | D:8      | Received a gift from Nemelex Xobeh
 11829 | D:8      | Noticed a cyclops
 11836 | D:8      | Found a white marble altar of Elyvilon.
 11837 | D:8      | Killed a cyclops
 11950 | D:8      | Noticed Psyche
 11952 | D:8      | Killed Psyche
 12290 | D:8      | Upgraded the game from 0.28-a0-580-ga2639ab843 to
                  | 0.28-a0-595-g9f6c0e134a
 12294 | D:9      | Received a gift from Nemelex Xobeh
 12749 | D:9      | Reached XP level 11. HP: 74/80 MP: 0/0
 12749 | D:9      | Learned a level 5 spell: Lightning Bolt
 12994 | D:9      | Found a staircase to the Lair.
 13131 | D:9      | Found an ornate altar of the Wu Jian Council.
 13258 | D:9      | Reached *** piety under Nemelex Xobeh
 13797 | Lair:1   | Entered Level 1 of the Lair of Beasts
 13850 | Lair:1   | Reached skill level 10 in Spellcasting
 13855 | Lair:1   | Reached skill level 10 in Dodging
 14167 | Lair:1   | Reached XP level 12. HP: 74/89 MP: 0/0
 14626 | Lair:1   | Noticed a seven-headed hydra
 14684 | Lair:1   | Killed a seven-headed hydra
 15287 | Lair:2   | Noticed a seven-headed hydra
 15306 | Lair:2   | Killed a seven-headed hydra
 15474 | Lair:2   | Noticed a four-headed hydra
 15490 | Lair:2   | Killed a four-headed hydra
 15491 | Lair:2   | Reached skill level 10 in Fighting
 15673 | Lair:2   | Noticed a four-headed hydra
 16307 | Lair:1   | Killed a four-headed hydra
 16308 | Lair:1   | Reached skill level 1 in Invocations
 16548 | Lair:2   | Received a gift from Nemelex Xobeh
 16580 | Lair:2   | Reached skill level 2 in Invocations
 16825 | Lair:2   | Noticed a four-headed hydra
 16833 | Lair:2   | Killed a four-headed hydra
 17074 | Lair:2   | Reached **** piety under Nemelex Xobeh
 17159 | Lair:2   | Found a runed translucent door.
 17164 | Lair:2   | Reached skill level 3 in Invocations
 17189 | Lair:2   | Noticed funkygono's ghost (journeyman GrFE)
 17224 | Lair:2   | Identified a scroll of acquirement
 17225 | Lair:2   | Acquired a manual of Fighting
 17254 | Lair:2   | Reached XP level 13. HP: 80/96 MP: 0/0
 17254 | Lair:2   | Learned a level 5 spell: Yara's Violent Unravelling
 17482 | Lair:2   | Received a gift from Nemelex Xobeh
 17610 | Lair:2   | Found a staircase to the Swamp.
 18066 | Lair:3   | Noticed a five-headed hydra
 18238 | Lair:3   | Reached skill level 4 in Invocations
 18417 | Lair:3   | Noticed Rupert
 18543 | Lair:2   | Killed a five-headed hydra
 18748 | Lair:3   | Reached skill level 5 in Invocations
 18934 | Lair:3   | Killed Rupert
 19067 | Lair:3   | Reached skill level 6 in Invocations
 19980 | Lair:4   | Received a gift from Nemelex Xobeh
 20179 | Lair:4   | Found a hole to the Spider Nest.
 20184 | Lair:4   | Reached skill level 7 in Invocations
 20299 | Lair:4   | Found a runed translucent door.
 20822 | Lair:4   | Noticed Heedrag's ghost (journeyman MiFi)
 21185 | Lair:5   | Received a gift from Nemelex Xobeh
 21358 | Lair:5   | Reached XP level 14. HP: 98/107 MP: 0/0
 22157 | Lair:5   | Reached skill level 8 in Invocations
 22395 | Lair:5   | Received a gift from Nemelex Xobeh
 22583 | Lair:5   | Reached ***** piety under Nemelex Xobeh
 22772 | Lair:6   | Entered Level 6 of the Lair of Beasts
 22776 | Lair:6   | Noticed Urug
 22896 | Lair:6   | Noticed Josephine
 22965 | Lair:6   | Received a gift from Nemelex Xobeh
 23823 | Lair:6   | Killed Josephine
 23945 | Lair:6   | Reached skill level 9 in Invocations
 24300 | Lair:6   | Killed Urug
 25061 | Lair:6   | Found a staircase to the Slime Pits.
 25061 | Lair:6   | Found a viscous altar of Jiyva.
 25169 | Lair:6   | Reached skill level 10 in Invocations
 25596 | Lair:6   | Received a gift from Nemelex Xobeh
 25751 | Lair:6   | Reached XP level 15. HP: 108/116 MP: 0/0
 25751 | Lair:6   | Learned a level 6 spell: Iron Shot
 25771 | Lair:6   | Received a gift from Nemelex Xobeh
 26986 | Lair:6   | Found a corrupted altar of Lugonu.
 26988 | Lair:6   | Found the +2 hat of the Bear Spirit {Spirit, *Rage rN+
                  | Will++}
 27325 | D:10     | Entered Level 10 of the Dungeon
 28098 | D:11     | Noticed Harold
 28102 | D:11     | Killed Harold
 28127 | D:11     | Reached skill level 11 in Invocations
 28188 | D:11     | Received a gift from Nemelex Xobeh
 28192 | D:11     | Found a frozen archway.
 28218 | IceCv    | Entered an ice cave
 29545 | D:11     | Found a staircase to the Orcish Mines.
 29741 | D:11     | Received a gift from Nemelex Xobeh
 30092 | Orc:1    | Entered Level 1 of the Orcish Mines
 30345 | Orc:1    | Noticed an orc warlord
 30352 | Orc:1    | Killed an orc warlord
 31298 | Orc:2    | Entered Level 2 of the Orcish Mines
 31486 | Orc:2    | Reached skill level 15 in Fighting
 31799 | Orc:2    | Reached skill level 12 in Invocations
 32138 | Orc:2    | Found a staircase to the Elven Halls.
 32299 | Orc:2    | Received a gift from Nemelex Xobeh
 32847 | Orc:2    | Found Enyf's Book Shop.
 32847 | Orc:2    | Found Eprin's Distillery.
 32850 | Orc:2    | Found Hureziro's Antique Armour Boutique.
 32852 | Orc:2    | Found Ehutam's Antique Weapon Boutique.
 32856 | Orc:2    | Bought a potion of curing for 42 gold pieces
 32856 | Orc:2    | Bought a potion of flight for 42 gold pieces
 33353 | Orc:1    | You are sucked into a shaft and drop 1 floor!
 33616 | D:11     | Upgraded the game from 0.28-a0-595-g9f6c0e134a to
                  | 0.28-a0-612-gcfc00ec14d
 33952 | D:12     | Reached XP level 16. HP: 114/126 MP: 0/0
 34746 | D:13     | Received a gift from Nemelex Xobeh
 35239 | D:13     | Received a gift from Nemelex Xobeh
 36024 | D:13     | Received a gift from Nemelex Xobeh
 36355 | D:13     | Reached skill level 13 in Invocations
 36999 | D:14     | Reached skill level 15 in Spellcasting
 37329 | D:14     | Found a glowing golden altar of the Shining One.
 37420 | D:14     | Received a gift from Nemelex Xobeh
 37586 | D:14     | Found a gate to the Vaults.
 37741 | D:15     | Entered Level 15 of the Dungeon
 38198 | D:15     | Received a gift from Nemelex Xobeh
 38346 | D:15     | Found a staircase to the Depths.
 38684 | D:15     | Found a shimmering altar of Xom.
 38693 | D:15     | Found a shimmering altar of Xom.
 38693 | D:15     | Found a shimmering altar of Xom.
 38901 | D:15     | Received a gift from Nemelex Xobeh
 39290 | Swamp:1  | Entered Level 1 of the Swamp
 39670 | Spider:1 | Entered Level 1 of the Spider Nest
 39775 | Spider:1 | Identified the +4 scimitar of the Messenger {freeze, Str+5
                  | Int-4}
 39893 | Spider:1 | Reached XP level 17. HP: 122/135 MP: 0/0
 39893 | Spider:1 | Learned a level 6 spell: Eringya's Noxious Bog
 39967 | Spider:1 | Reached skill level 14 in Invocations
 40073 | Spider:1 | Received a gift from Nemelex Xobeh
 41130 | Spider:2 | Noticed Jorgrun
 41138 | Spider:2 | Killed Jorgrun
 41345 | Spider:2 | Received a gift from Nemelex Xobeh
 42171 | Spider:3 | Reached ****** piety under Nemelex Xobeh
 42530 | Spider:4 | Entered Level 4 of the Spider Nest
 42692 | Spider:4 | Received a gift from Nemelex Xobeh
 42866 | Spider:4 | Reached skill level 15 in Invocations
 44453 | Spider:4 | Reached XP level 18. HP: 139/143 MP: 0/0
 44749 | Spider:4 | Received a gift from Nemelex Xobeh
 44857 | Spider:4 | Got a gossamer rune of Zot
 45288 | Swamp:1  | Upgraded the game from 0.28-a0-612-gcfc00ec14d to
                  | 0.28-a0-620-g539b0f7ac7
 46499 | Swamp:1  | Noticed Nikola
 46504 | Swamp:1  | Killed Nikola
 46588 | Swamp:2  | Received a gift from Nemelex Xobeh
 46593 | Swamp:2  | Reached skill level 16 in Invocations
 47984 | Swamp:2  | Received a gift from Nemelex Xobeh
 49000 | Swamp:3  | Received a gift from Nemelex Xobeh
 49406 | Swamp:4  | Entered Level 4 of the Swamp
 50336 | Swamp:4  | Reached XP level 19. HP: 116/150 MP: 0/0
 50336 | Swamp:4  | Learned a level 7 spell: Summon Hydra
 50676 | Swamp:4  | Identified Roxanne's Almanac of Clay
 50676 | Swamp:4  | Noticed Roxanne
 50709 | Swamp:4  | Killed Roxanne
 50797 | Swamp:4  | Reached skill level 17 in Invocations
 50969 | Swamp:4  | Received a gift from Nemelex Xobeh
 51307 | Swamp:4  | Noticed the 27-headed Lernaean hydra
 51319 | Swamp:4  | Killed the 27-headed Lernaean hydra
 52138 | Swamp:4  | Got a decaying rune of Zot
 52335 | Slime:1  | Entered Level 1 of the Pits of Slime
 52488 | Slime:1  | Received a gift from Nemelex Xobeh
 53700 | Slime:3  | Received a gift from Nemelex Xobeh
 55008 | Slime:2  | Received a gift from Nemelex Xobeh
 55124 | Slime:1  | Found a viscous altar of Jiyva.
 55126 | Slime:1  | Gained mutation: You are weak. (Str -2) [a shining eye]
 55800 | Slime:1  | Paralysed by a great orb of eyes for 2 turns
 56092 | Slime:1  | Upgraded the game from 0.28-a0-620-g539b0f7ac7 to
                  | 0.28-a0-622-gbaef9634d7
 56193 | Slime:3  | Gained mutation: You are frail. (-10% HP) [a shining eye]
 56195 | Slime:3  | Gained mutation: Your mind is acute. (Int +2) [a shining
                  | eye]
 56246 | Slime:3  | Received a gift from Nemelex Xobeh
 56273 | Slime:3  | Reached skill level 18 in Invocations
 56500 | Slime:2  | Gained mutation: You have supernaturally acute eyesight.
                  | (SInv) [a shining eye]
 56616 | Slime:2  | Gained mutation: You are clumsy. (Dex -2) [a shining eye]
 56617 | Slime:2  | Gained mutation: Your spells are a little easier to cast,
                  | but a little less powerful. [a shining eye]
 56894 | Slime:5  | Entered Level 5 of the Pits of Slime
 57457 | Slime:5  | Lost mutation: You are frail. (-10% HP) [a shining eye]
 57600 | Slime:5  | Noticed the Royal Jelly
 58636 | Elf:1    | Entered Level 1 of the Elven Halls
 58748 | Elf:1    | Noticed Louise
 58755 | Elf:1    | Killed Louise
 58756 | Elf:1    | Reached XP level 20. HP: 149/158 MP: 0/0
 58955 | Elf:1    | Received a gift from Nemelex Xobeh
 59260 | Elf:1    | Received a gift from Nemelex Xobeh
 59411 | Elf:1    | Reached skill level 1 in Shields
 59939 | Elf:1    | Received a gift from Nemelex Xobeh
 60022 | Elf:1    | Found Gieduoru's Weapon Shop.
 61262 | Elf:2    | Received a gift from Nemelex Xobeh
 61342 | Elf:2    | Noticed Asterion
 61347 | Elf:2    | Killed Asterion
 62470 | Elf:2    | Found a runed translucent gate.
 62470 | Elf:2    | Found a runed translucent gate.
 62471 | Elf:2    | Found a runed translucent gate.
 62994 | Elf:2    | Received a gift from Nemelex Xobeh
 63163 | Elf:2    | Reached skill level 19 in Invocations
 63630 | Elf:3    | Entered Level 3 of the Elven Halls
 63873 | Elf:3    | Found Seteik's General Store.
 63989 | Elf:3    | Identified the +2 war axe of Courage {pain, *Rage rPois rC+
                  | Will+}
 64786 | Elf:3    | Identified the +4 battleaxe of Uncertain Death {flame,
                  | rF+++ rC+ Int-3 Stlth+}
 64791 | Elf:3    | Identified the +5 lajatang of Myzox {drain, rF+ Dex-5 SInv}
 64960 | Elf:3    | Reached XP level 21. HP: 158/166 MP: 0/0
 64960 | Elf:3    | Learned a level 8 spell: Discord
 64977 | Elf:3    | Identified the +6 quarterstaff of the Several Coins {holy,
                  | rPois}
 64977 | Elf:3    | Identified the amulet of the Echidna {Reflect Int+4 SH+5}
 65732 | Elf:3    | Acquired a scarf of repulsion
 65764 | Elf:3    | Reached skill level 5 in Shields
 65827 | Elf:3    | Identified the +11 great sword "Qipnuyta" {pain, rElec rF-
                  | Will+ Dex+3}
 65827 | Elf:3    | Identified the ring "Leucu" {Fly rN+ Will+ Str+4 Int+6}
 65849 | Elf:3    | Identified the amulet of Yti Tuipt {Faith rC- Will++
                  | Stlth+}
 67064 | Elf:3    | Received a gift from Nemelex Xobeh
 67076 | Elf:3    | Identified the +8 fustibalus "Anonos" {flame, rElec rF-
                  | Int+7}
 67183 | Elf:3    | Identified the +2 battleaxe of Dung {vorpal, *Noise Will+
                  | rCorr}
 68668 | Vaults:1 | Entered Level 1 of the Vaults
 68759 | Vaults:1 | Found Tuwez's Jewellery Boutique.
 68770 | Vaults:1 | Found Raffelirph's Assorted Antiques.
 68951 | Vaults:1 | Received a gift from Nemelex Xobeh
 69517 | Vaults:1 | Received a gift from Nemelex Xobeh
 69645 | Vaults:1 | Noticed Donald
 69648 | Vaults:1 | Killed Donald
 70016 | Vaults:1 | Found Lociowi's Jewellery Emporium.
 70138 | Vaults:1 | Received a gift from Nemelex Xobeh
 70683 | Vaults:1 | Reached skill level 20 in Invocations
 71332 | Vaults:2 | Reached XP level 22. HP: 139/173 MP: 0/0
 71766 | Vaults:2 | Found Yblaoh's Antique Weapon Boutique.
 72099 | Vaults:2 | Received a gift from Nemelex Xobeh
 72530 | Vaults:2 | HP: 8/174 [vault warden (40)]
 72995 | Vaults:2 | Found a transporter.
 73017 | Vaults:2 | Received a gift from Nemelex Xobeh
 73039 | Vaults:2 | Found a transporter.
 73654 | Vaults:3 | Found Zerphusyr's Distillery.
 73677 | Vaults:3 | Found a staircase to the Crypt.
 73780 | Vaults:3 | Found Ujaihuash's Antique Armour Shop.
 73872 | Vaults:3 | Found Jiodeg's Magic Scroll Shop.
 73948 | Vaults:3 | Received a gift from Nemelex Xobeh
 73966 | Vaults:3 | Found a flickering gateway to a bazaar.
 73977 | Bazaar   | Entered a bazaar
 74282 | Bazaar   | Found Kanaz's Jewellery Boutique.
 74300 | Bazaar   | Found Unkity's Antique Armour Shoppe.
 74317 | Bazaar   | Found Ciottaqa's Antique Armour Boutique.
 74334 | Bazaar   | Found Xecerax's Armour Emporium.
 74387 | Bazaar   | Bought a shiny helmet for 165 gold pieces
 74387 | Bazaar   | Bought a pair of glowing gloves for 165 gold pieces
 74935 | Vaults:3 | Bought 2 potions of invisibility for 288 gold pieces
 74935 | Vaults:3 | Bought a potion of haste for 180 gold pieces
 75080 | Vaults:3 | Received a gift from Nemelex Xobeh
 75168 | Vaults:3 | Found Kidwaotu's Armour Shop.
 75851 | Vaults:3 | Reached skill level 21 in Invocations
 76397 | Vaults:3 | Received a gift from Nemelex Xobeh
 76513 | Vaults:3 | Bought a scroll of enchant armour for 142 gold pieces
 77266 | Vaults:4 | Reached XP level 23. HP: 176/180 MP: 0/0
 77266 | Vaults:4 | Learned a level 8 spell: Ignition
 77267 | Vaults:4 | Identified the +6 falchion of the Two Names {antimagic,
                  | Str+4}
 77807 | Vaults:4 | Noticed Frederick
 77819 | Vaults:4 | Killed Frederick
 77922 | Vaults:4 | Received a gift from Nemelex Xobeh
 79987 | Vaults:5 | Entered Level 5 of the Vaults
 79999 | Vaults:5 | Slain by a tengu reaver

Illustrated notes

Levels and vault maps discovered:
D:1:      saegor_arrival_simple_c, layout_loops_ring
D:2:      layout_basic, ebering_ecumenical_altar_webs, basic_altar
D:3:      layout_rooms, nicolae_dithmenos_through_a_glass_darkly, minitemple,
          uniq_terence
D:4:      layout_loops_ring, nicolae_overflow_crystal_walls,
          gammafunk_ghost_abyssal_escape, uniq_edmund
D:5:      layout_loops_cross, minmay_temple_entry_mini_moons, minivault_11
D:6:      layout_loops_ring, nicolae_gozag_seed_capital,
          mainiacjoe_overflow_paths, serial_shops, shop, gup_sewer_entry_glass,
          uniq_sigmund
D:7:      layout_basic, mainiacjoe_overflow_six_doors_small, kennysheep_path_1
D:8:      layout_basic, elyvilon_altar_5, serial_bayou, serial_bayou_ford_a,
          serial_bayou_lagoon_b, serial_bayou_pond_d, serial_bayou_shore_a,
          roderic_roman_lattice, minmay_ruffians, uniq_psyche
D:9:      layout_gridville, mainiacjoe_overflow_surrounded_room,
          erik_lair_dragon
D:10:     layout_big_octagon, ldierk_geyser
D:11:     layout_irregular_city, david_orc_4,
          portal_ice_cave_entry_ice_simulacra, uniq_harold
D:12:     layout_loops_ring, hangedman_decor_opposing
D:13:     layout_basic, serial_bayou_pond_e
D:14:     layout_rooms, ximxim_vaults_locker_room, old_standard_altar
D:15:     hangedman_depths_entry_try_elsewhere_first, layout_stronghold,
          dk_noncrumbling_3, hangedman_decor_riveting, xom_redecorated
Temple:   cyrus_temple_forest
Lair:1:   layout_roguey
Lair:2:   layout_regular_city, palyth_hydra_swamp_entry, gammafunk_ghost_grave,
          gauntlet_entry_generic, nicolae_lair_grove_arrangements, st_stairs_10
Lair:3:   layout_big_grid, serial_bayou_shore_b, grunt_megastairs_4, uniq_rupert
Lair:4:   layout_cave_pods, nicolae_spider_entry_non_spiders,
          ebering_ghost_reflecting_pool
Lair:5:   minmay_lair_oklob_chamber, layout_cellular_growth
Lair:6:   hellmonk_lair_end_abyssal_woods, layout_regular_city, slime_altar_1,
          lemuel_fruit_fields, grunt_megastairs_3, lemuel_fruit_fields,
          infiniplex_staircase_pool, uniq_josephine, uniq_urug
Swamp:1:  layout_basic_swamp, evilmike_swamp_ruin_rubble_1, swamp_pool1,
          uniq_nikola
Swamp:2:  layout_basic_swamp, evilmike_swamp_ruin_house_2,
          infiniplex_staircase_pool_2
Swamp:3:  layout_falls_marsh, nicolae_swamp_dense_foliage, water_boxes_lemuel
Swamp:4:  swamp_old_school, layout_basic_swamp, uniq_roxanne
Spider:1: layout_spider_delve
Spider:2: layout_spider_delve, uniq_jorgrun
Spider:3: layout_spider_delve, spiders_nest_spider_trap
Spider:4: guppyfry_spider_rune
Slime:1:  layout_caves, basic_altar
Slime:2:  layout_caves
Slime:3:  layout_caves
Slime:4:  layout_caves
Slime:5
Orc:1:    orc_temple, layout_diamond_mine
Orc:2:    st_orc_mages, layout_caves
Elf:1:    nicolae_elf_arrival_fired_up, layout_onion_city, serial_shops,
          nicolae_diamond_shop, hangedman_corner_corridor, uniq_louise
Elf:2:    nicolae_elf_blades_splatter_lattice
          [nicolae_blade_entry_crossed_weapons], layout_onion_city,
          chequers_big_river, guppyfry_library_mini, uniq_asterion
Elf:3:    minmay_elf_hall_four_x, layout_gridlike, serial_shops,
          nicolae_diamond_shop
Vaults:1: v_misc_3, v_misc_19, nicolae_vaults_alarming,
          vaults_standard_mumra_enter_the_diamond,
          nicolae_vaults_ninety_degrees, v_pattern_1, vaults_dpeg_hooks,
          hangedman_vaults_trim, vaults_room_semicircle, vaults_room_semicircle,
          nicolae_vaults_gold_heap, layout_vaults_omnicross, serial_shops, shop,
          shop, nicolae_shop_window_shopping, uniq_donald
Vaults:2: nicolae_vaults_circle_grid_b, gammafunk_the_bubble
          [the_bubble_gammafunk_grid], serial_ice_m, hangedman_vaults_maws,
          vaults_mumra_hex, grunt_vaults_hallway_short,
          nicolae_vaults_little_squares_6, nicolae_vaults_little_ls,
          hangedman_vaults_impose, layout_vaults_big_room, serial_shops, shop
Vaults:3: v_pattern_3, hangedman_vaults_nodes, minmay_crypt_entry_simple_sparse,
          st_spiral_rooms, hangedman_vaults_slice, vaults_mumra_minichess,
          hangedman_vaults_restitches, serial_ice_m, layout_vaults_omnigrid,
          serial_shops, bzr_entry_islet, nicolae_lakefront_shop,
          nicolae_diamond_shop, shop, shop
Vaults:4: v_misc_5, vaults_room_glass_cross, vaults_standard_mumra_lines,
          v_misc_5, vaults_standard_mumra_x,
          nicolae_vaults_windows_and_doors_thing,
          nicolae_vaults_mini_display_case, grunt_vaults_bifocal,
          nicolae_vaults_circle_grid_b, ontoclasm_vaults_pinch,
          vaults_dpeg_spiral, layout_vaults_ring, uniq_frederick, uniq_xtahua
Vaults:5

Skill      XL: |  1  2  3  4  5  6  7  8  9 10 11 12 13 14 15 16 17 18 19 20 21 22 23 |
---------------+----------------------------------------------------------------------+-----
Fighting       | 1 2 3 5 6 7 9 10 12 13 15 16 17 18 19 20 | 20.3
Spellcasting   | 3 4 5 6 7 9 10 11 12 13 14 15 16 17 18 19 20 | 20.0
Dodging        | 3 4 6 7 8 10 11 | 11.1
Invocations    | 3 7 10 12 13 15 16 18 19 20 21 | 21.7
Shields        | 4 6 8 9 |  9.2
Stealth        | |  1.5

Action                   |  1- 3 |  4- 6 |  7- 9 | 10-12 | 13-15 | 16-18 | 19-21 | 22-24 || total
-------------------------+-------+-------+-------+-------+-------+-------+-------+-------++-------
Melee: Dagger            |    27 |     4 |       |       |       |       |       |       ||    31
       Long sword        |       |       |     5 |    20 |    31 |    36 |     1 |       ||    93
       Staff             |       |       |       |       |     1 |    10 |     2 |     1 ||    14
Throw: Dart              |    13 |       |       |       |       |       |       |       ||    13
 Cast: Sandblast         |    32 |    11 |    19 |    17 |     6 |       |       |       ||    85
       Magic Dart        |    28 |    81 |   106 |    36 |    38 |     9 |    13 |       ||   311
       Stone Arrow       |       |    35 |    55 |    63 |   131 |    50 |    22 |    13 ||   369
       Poisonous Vapours |       |     3 |    40 |    86 |   318 |   234 |   186 |   110 ||   977
       Ignite Poison     |       |       |    17 |    46 |   180 |   171 |   208 |   104 ||   726
       Sticky Flame      |       |       |       |     6 |    12 |    11 |     6 |     3 ||    38
       Petrify           |       |       |       |    23 |    12 |     4 |     2 |       ||    41
       Lightning Bolt    |       |       |       |     7 |    39 |    50 |     8 |    11 ||   115
       Yara's Violent Un |       |       |       |       |     9 |     1 |     1 |       ||    11
       Iron Shot         |       |       |       |       |    33 |   148 |   219 |    76 ||   476
       Eringya's Noxious |       |       |       |       |       |    17 |    31 |     9 ||    57
       Summon Hydra      |       |       |       |       |       |       |     4 |     1 ||     5
       Discord           |       |       |       |       |       |       |     3 |    15 ||    18
       Ignition          |       |       |       |       |       |       |       |     3 ||     3
Invok: Draw Destruction  |       |       |       |     2 |     1 |     4 |     1 |     1 ||     9
       Deal Four         |       |       |       |       |     4 |     1 |     1 |     1 ||     7
       Triple Draw       |       |       |       |       |     6 |     4 |    11 |     3 ||    24
       Stack Five        |       |       |       |       |     1 |     2 |       |     1 ||     4
       Draw Escape       |       |       |       |       |     1 |       |     1 |     1 ||     3
       Draw Summoning    |       |       |       |       |     3 |       |     4 |     6 ||    13
       Draw Stack        |       |       |       |       |       |    13 |     1 |     1 ||    15
Evoke: Wand              |       |       |       |     4 |     7 |     1 |       |       ||    12
  Use: Scroll            |       |       |     6 |    11 |    19 |     9 |     9 |     4 ||    58
       Potion            |       |       |       |       |     1 |       |     5 |     6 ||    12
 Stab: Petrified         |       |       |       |       |       |     4 |       |       ||     4
Armor: Robe              |    14 |     1 |     4 |       |       |       |       |       ||    19
       Acid dragon scale |       |       |       |    14 |    66 |    81 |    53 |    13 ||   227
Dodge: Dodged            |    21 |    16 |    40 |    70 |   257 |   348 |   172 |    93 ||  1017
       Repelled          |       |       |       |       |       |       |     2 |     6 ||     8
Block: Kite shield       |       |       |       |       |       |       |    43 |    51 ||    94
       Buckler           |       |       |       |       |       |       |     5 |       ||     5
       Reflection        |       |       |       |       |       |       |     6 |    20 ||    26

Table legend: (Time is in decaauts)
 A = Elapsed time spent in this place.
 B = Non-inter-level travel time spent in this place.
 C = Inter-level travel time spent in this place.
 D = Time resting spent in this place.
 E = Time spent auto-exploring this place.
 F = Levels seen in this place.
 G = Mean time per level.
                   A        B        C        D        E       F      G
               +--------+--------+--------+--------+--------+-----+--------+
         Total |  80216 |  76030 |   4186 |  33998 |  26364 |  48 | 1671.2 |
       Dungeon |  21567 |  19987 |   1580 |   5322 |  11662 |  15 | 1437.8 |
        Temple |    105 |     84 |     21 |      0 |     43 |   1 |  105.0 |
          Lair |  14517 |  13114 |   1403 |   6645 |   4649 |   6 | 2419.5 |
         Swamp |   7152 |   7014 |    138 |   3802 |   2070 |   4 | 1788.0 |
   Spider Nest |   5346 |   5184 |    162 |   2672 |   1023 |   4 | 1336.5 |
    Slime Pits |   5951 |   5748 |    203 |   3957 |   1182 |   5 | 1190.2 |
  Orcish Mines |   3371 |   3210 |    161 |   1553 |    853 |   2 | 1685.5 |
   Elven Halls |   9175 |   8901 |    274 |   4350 |   2054 |   3 | 3058.3 |
        Vaults |  10872 |  10632 |    240 |   4513 |   2321 |   5 | 2174.4 |
        Bazaar |    471 |    471 |      0 |    301 |      0 |   1 |  471.0 |
         Sewer |    787 |    787 |      0 |    135 |    506 |   1 |  787.0 |
      Ice Cave |    897 |    897 |      0 |    747 |      0 |   1 |  897.0 |
               +--------+--------+--------+--------+--------+-----+--------+

Top non-repeatable levels by time:
   Elf:2: 3614 daAuts
   Elf:3: 3251 daAuts
  Lair:5: 3245 daAuts
Vaults:3: 3013 daAuts
Vaults:4: 2978 daAuts
  Lair:6: 2939 daAuts
  Lair:2: 2889 daAuts
  Lair:1: 2579 daAuts
Vaults:2: 2468 daAuts
Spider:4: 2431 daAuts
Vaults:1: 2399 daAuts
   Elf:1: 2309 daAuts
   Orc:1: 2015 daAuts
 Swamp:3: 2014 daAuts
 Swamp:1: 1998 daAuts
